Unix NetHack Version 5.0.0-0 post-release - last build May 23 2026 06:08:33 (1c0ff79ee797540d5714e4e18072db0edd9e58ae,branch:main).

Game began 2026-05-26 21:36:59, ended 2026-05-26 21:47:26.

CyberFan, lawful female dwarven Archeologist

                        ---         ---.
                      --..-----------*..*....---------------------
                      |................................^.........-
                      |.....-------.....-----......-------.....-..   G
                      ---...|    --.....|       --...0| |.........--......
                        |.---    |..--..-        |....| |................-
                       --.|      ----|....|.--   --.--- --...............|
                       |..|          |........    ---    --.---.|...0--..|
                      --.--          --.|.....            --- ----..- ----
                     --..|            ---  ...              -----....
   -.                |%.--                 -..|             -.--....-
  |...               |.--                  |..---     ...   ....^----
  -%..          ..-  -.|                   |.........--...--..f0--
         ..........--..|                    ..................>..
         ...........(..|                      .<..............---
         -......----[.--                      ..--..........
                   ----

CyberFan the Digger        St:12 Dx:13 Co:12 In:14 Wi:14 Ch:11  Lawful
Dlvl:4  $:5  HP:0(19) Pw:8(8) AC:5  Xp:2/37 T:1647 

Latest messages:
 You descend the stairs.
 You swap places with your kitten.
 You swap places with your kitten.
 You hear someone incant ELBIB YLOH.
 What do you want to use or apply? [aeg-iy or ?*]
 In what direction do you want to dig? [yb>]
 Clang!
 What do you want to use or apply? [aeg-iy or ?*]
 In what direction do you want to dig? [hy>]
 You start digging.
 You stop digging.
 What do you want to use or apply? [aeg-iy or ?*]
 In what direction do you want to dig? [hyb>]
 You start digging.
 You hit the rock with all your might.
 You make an opening in the wall.
 The Mordor orc attacks a spot beside you.
 The orc-captain hits!
 The orc-captain hits again!
 You stop.  Your kitten is in the way!
 You swap places with your kitten.
 You stop waiting.
 What do you want to throw? [$a or ?*]
 In what direction?
 The brown potion misses the orc-captain.
 You hear something shatter!
 You climb up the stairs.
 You stop waiting.
 You see here a crude short sword.
 You hear an F sharp squeak in the distance.
 You hit the grid bug.
 The grid bug bites!
 You get zapped!
 You kill the grid bug!
 You swap places with your kitten.
 K - a white gem.
 What do you want to use or apply? [aeg-iy or ?*]
 What do you want to rub on the stone? [$K or ?*]
 K - a dilithium crystal.
 You see here a crude short sword.
 The kitten picks up a crude short sword.
 The kitten drops a crude short sword.
 The kitten picks up a crude short sword.
 The kitten drops a crude short sword.
 The kitten picks up a crude short sword.
 The kitten drops a crude short sword.
 The kitten picks up a crude short sword.
 You hear rumbling in the distance.
 You are hit by a boulder!
 You die...

Inventory:
 Coins    ('$')
  $ - 5 gold pieces
 Weapons  (')')
  a - an uncursed +2 bullwhip
 Armor    ('[')
  n - an uncursed +0 orcish helm (being worn)
  t - an uncursed +0 cloak of invisibility (being worn)
  F - an uncursed +0 studded leather armor (being worn)
 Comestibles  ('%')
  d - 4 uncursed food rations
  l - an uncursed lembas wafer
 Scrolls  ('?')
  H - an uncursed scroll of create monster
  k - a blessed scroll of destroy armor
  v - a blessed scroll of enchant armor
  z - a blessed scroll of enchant weapon
  J - a cursed scroll of gold detection
  A - an uncursed scroll of identify
 Potions  ('!')
  j - an uncursed potion of extra healing
  C - an uncursed potion of gain energy
  p - an uncursed potion of water
 Rings    ('=')
  D - an uncursed ring of cold resistance
  I - a cursed -2 ring of increase accuracy
 Tools    ('(')
  h - an empty uncursed sack
  y - an uncursed sack containing 1 item
  i - an uncursed magic marker (0:22)
  e - an uncursed +0 pick-axe (weapon in right hand)
 Gems/Stones  ('*')
  x - a cursed diamond
  K - an uncursed dilithium crystal
  g - an uncursed touchstone

Contents of the sack:
  an uncursed potion of monster detection

CyberFan the Archeologist's attributes:

Background:
 You were a Digger, a level 2 female dwarven Archeologist.
 You were lawful, nominally on a mission for Quetzalcoatl
 who was opposed by Camaxtli (neutral) and Huhetotl (chaotic).
 You were right-handed.
 You were in the Gnomish Mines, on level 4.
 You entered the dungeon 1647 turns ago.
 You had 37 experience points, 3 more were needed to attain level 3.

Basics:
 You had 0 out of 19 hit points.
 You had all 8 energy points (spell power).
 Your armor class was 5.
 Your wallet contained 5 zorkmids.
 Autopickup was on for '$%?!"=/*', with exceptions.

Final Characteristics:
 Your strength was 12 (limit:18/100).
 Your dexterity was 13 (limit:20).
 Your constitution was 12 (limit:20).
 Your intelligence was 14 (limit:16).
 Your wisdom was 14 (limit:16).
 Your charisma was 11 (limit:16).

Final Status:
 You weren't hungry.
 You were unencumbered.
 You were wielding a pick-axe.
 You had basic skill with pick-axe.

Final Attributes:
 You were devoutly aligned.
 You had automatic searching.
 You had infravision.
 You were invisible.
 You were warded.
 You are dead.

Miscellaneous:
 You disabled loading and storing of bones levels.
 Total elapsed playing time was 10 minutes and 26 seconds.

Major events:
 Turn
    1: CyberFan the lawful female dwarven Archeologist entered the dungeon
   86: entered the Gnomish Mines
 1327: reached Mine Town
 1647: killed by a boulder

You didn't know any spells.

Skills:
 Fighting Skills
   bare handed combat [Unskilled]
   two weapon combat  [Unskilled]
   riding             [Unskilled]
 Weapon Skills
   dagger             [Unskilled]
   knife              [Unskilled]
   pick-axe           [Basic]
   short sword        [Unskilled]
   saber              [Unskilled]
   club               [Unskilled]
   quarterstaff       [Unskilled]
   sling              [Unskilled]
   dart               [Unskilled]
   boomerang          [Unskilled]
   whip               [Basic]
   unicorn horn       [Unskilled]
 Spellcasting Skills
   attack spells      [Unskilled]
   healing spells     [Unskilled]
   divination spells  [Unskilled]
   matter spells      [Unskilled]

Voluntary challenges:
 Character rerolling was not enabled.
 You were an atheist.
 You never genocided any monsters.
 You never polymorphed an object.
 You never changed form.
 You used no wishes.
Achievements:
 You entered the Gnomish Mines.
 You entered a shop.
 You entered Minetown.

 The Dungeons of Doom: levels 1 to 3
    Level 1:
       A fountain.
    Level 2:
       A general store.
       Stairs down to The Gnomish Mines.
    Level 3:
 The Gnomish Mines: levels 3 to 5
    Level 3:
    Level 4: <- You were here.
       Final resting place for
          you, killed by a boulder.
    Level 5:


Vanquished creatures:
  a gnome leader
  a floating eye
  a giant rat
  a cave spider
  7 gnomes
  2 gnome zombies
  2 geckos
  4 jackals
  2 foxes
  a kobold
  2 goblins
  3 grid bugs
  2 lichens
  a kobold zombie
  2 newts
32 creatures vanquished.

No species were genocided or became extinct.

Game over:
                       ----------
                      /          \
                     /    REST    \
                    /      IN      \
                   /     PEACE      \
                  /                  \
                  |     CyberFan     |
                  |       5 Au       |
                  |   killed by a    |
                  |     boulder      |
                  |                  |
                  |                  |
                  |       2026       |
                 *|     *  *  *      | *
        _________)/\\_//(\/(/\)/\//\/|_)_______

Goodbye CyberFan the Archeologist...

You died in The Gnomish Mines on dungeon level 4 with 353 points,
and 5 pieces of gold, after 1647 moves.
You were level 2 with a maximum of 19 hit points when you died.

